 Dungeon Crawl Stone Soup version 0.29.1-15-g9cfb28693d (webtiles) character file.

Game seed: 619668658397707097

3174 croobank the Covert (level 9, 0/63 HPs)
             Began as an Octopode Delver on Mar 10, 2023.
             Was an Initiate of Gozag.
             Slain by a wyvern (12 damage)
             ... on level 7 of the Dungeon.
             The game lasted 00:22:54 (9025 turns).

croobank the Covert (Octopode Delver)               Turns: 9025, Time: 00:22:55

Health: 0/63       AC:  2    Str: 15    XL:     9   Next: 95%
Magic:  0/16       EV: 19    Int: 16    God:    Gozag
Gold:   780        SH:  0    Dex: 13    Spells: 18/18 levels left

rFire   . . .      SeeInvis .   a - +4 dagger
rCold   . . .      Faith    .   (no shield)
rNeg    + + +      Spirit   +   d - +1 hat of Inaction {Contam rElec rN+++ Str+3}
rPois   .          Reflect  .   i - amulet of guardian spirit
rElec   +          Harm     .   w - +4 ring of evasion
rCorr   .          Rampage  .   (no ring)
Will    .....                   (no ring)
Stlth   +++++++...              (no ring)
HPRegen 0.20/turn               (no ring)
MPRegen 0.15/turn               (no ring)
                                (no ring)
                                (no ring)

@: no status effects
A: almost no armour, amphibious, 8 rings, camouflage 1, gelatinous body 1,
nimble swimmer 1, tentacles
a: Renounce Religion, Potion Petition, Call Merchant, Bribe Branch


You were on level 7 of the Dungeon.
You worshipped Gozag.
Gozag was pleased with you.
You visited 2 branches of the dungeon, and saw 8 of its levels.

You collected 877 gold pieces.
You paid 97 gold pieces to Gozag.

Inventory:

Hand Weapons
 a - a +4 dagger (weapon)
 b - a +0 sling
 o - a +0 hand axe
 u - a +1 dagger of draining
 y - a +0 trident
 C - a +0 long sword of protection
 F - a +0 rapier
 I - a +3 dagger of venom
 J - a +1 dagger of holy wrath
Missiles
 v - a throwing net
 B - an atropa-tipped dart (quivered)
 Q - 14 poisoned darts
Armour
 d - the +1 hat of Inaction (worn) {Contam rElec rN+++ Str+3}
   (You acquired it on level 6 of the Dungeon)

   Str:       It affects your strength (+3).
   rElec:     It insulates you from electricity.
   rN:        It renders you almost immune to negative energy.
   Contam:    It causes magical contamination when unequipped.
Jewellery
 i - an amulet of guardian spirit (around mantle)
 w - a +4 ring of evasion (left tentacle)
Wands
 f - a wand of digging (3)
 M - a wand of flame (4)
 N - a wand of charming (4)
Scrolls
 c - 4 scrolls of magic mapping
 h - a scroll of poison
 j - 3 scrolls of vulnerability
 l - a scroll of teleportation
 z - a scroll of enchant armour
 A - a scroll of fog
Potions
 e - a potion of haste
 g - 3 potions of curing
 k - 2 potions of resistance
 n - 2 potions of brilliance
 p - 3 potions of flight
 r - 2 potions of invisibility
 s - a potion of heal wounds
 x - a potion of attraction
 G - a potion of berserk rage
 H - a potion of might
 O - a potion of lignification


   Skills:
 + Level 6.8 Fighting
 + Level 5.7 Short Blades
 - Level 2.4 Axes
 + Level 6.4 Dodging
 + Level 10.9 Stealth
 + Level 5.2 Spellcasting


You had 18 spell levels left.
You didn't know any spells.
Your spell library contained the following spells:

 Spells                   Type           Power      Damage    Failure   Level
 Beastly Appendage        Tmut           8%         N/A       16%         1
 Wereblood                Tmut           4%         N/A       22%         2
 Spider Form              Tmut/Pois      4%         N/A       41%         3


Dungeon Overview and Level Annotations

Branches:
Dungeon (7/15)             Temple (1/1) D:5

Altars:
Ashenzari
Cheibriados
Dithmenos
Elyvilon
Fedhas
Gozag
Hepliaklqana
Kikubaaqudgha
Makhleb
Nemelex Xobeh
Okawaru
Qazlal
Sif Muna
Trog
Uskayaw
Vehumet
Wu Jian
Xom
Yredelemnul
Zin
The Shining One

Shops:
D:1 !


Innate Abilities, Weirdness & Mutations

You cannot wear most types of armour.
You are amphibious.
You can wear up to eight rings at the same time.
Your skin changes colour to match your surroundings (Stealth+).
Your rubbery body absorbs attacks. (AC +1, EV +1)
You are camouflaged when in or above water. (Stealth+)
You have tentacles for arms and can constrict up to eight enemies at once.


Message History

The wyvern is lightly wounded.
The wyvern misses you.
You closely miss the wyvern.
The wyvern is lightly wounded.
The wyvern misses you. The wyvern bites you!!
You hit the wyvern.
You squeeze the wyvern, but do no damage.
The wyvern is lightly wounded.
The wyvern barely misses you.
You barely miss the wyvern. Your squeeze misses the wyvern.
The wyvern is lightly wounded.
The wyvern completely misses you.
You closely miss the wyvern.
You squeeze the wyvern, but do no damage.
The wyvern is lightly wounded.
The wyvern bites you!
You hit the wyvern. You squeeze the wyvern.
The wyvern is moderately wounded.
The wyvern bites you.
You hit the wyvern. Your squeeze misses the wyvern.
The wyvern is moderately wounded.
The wyvern bites you.
You hit the wyvern. Your squeeze misses the wyvern.
The wyvern is moderately wounded.
The wyvern closely misses you.
You hit the wyvern. You squeeze the wyvern.
The wyvern is heavily wounded.
The wyvern closely misses you.
You hit the wyvern.
The wyvern is severely wounded.
The wyvern bites you!
You hit the wyvern but do no damage.
The wyvern is severely wounded.
The wyvern bites you!!
* * * LOW HITPOINT WARNING * * *
You hit the wyvern.
The wyvern is almost dead.
The wyvern bites you!
You die...
Your body crumbles into a pile of gold.

#....#..#........#
#....#..#........+
#....#..#.!.....
#....#..#.......
#....'.......#..
......#..........
.........~~~~....
..♣.....8~~~~....
.♣.......@l~~....
......#..........
.#...!##......'..
#.... ####...#..
#... ...# # ....#
....# ...# $


You could see a wyvern.

Vanquished Creatures
  A two-headed ogre (D:6)
  Eustachio (D:4)
  A water moccasin (D:6)
  2 ice beasts
  2 sky beasts
  2 orc warriors (D:6)
  A black bear (D:5)
  An ogre (D:5)
  A centaur (D:7)
  2 phantoms
  2 kobold brigands
  A bullfrog (D:7)
  A scorpion (D:5)
  A gnoll sergeant (D:7)
  4 howler monkeys
  5 hounds
  5 orc priests
  2 jellies (D:6)
  5 orc wizards
  Ijyb (D:3)
  3 iguanas
  8 gnolls
  5 adders
  A white imp (D:6)
  2 ufetubi
  2 worms
  A dart slug (D:1)
  28 orcs
  5 ball pythons (D:1)
  6 endoplasms
  3 giant cockroaches
  5 goblins
  9 hobgoblins
  3 quokkas (D:2)
  4 bats
  2 frilled lizards
  8 kobolds
  5 rats
  A spectral hobgoblin (D:6)
142 creatures vanquished.

Vanquished Creatures (collateral kills)
  A killer bee (D:7)
1 creature vanquished.

Vanquished Creatures (others)
  3 killer bees (D:7)
  A withered plant (D:2)
4 creatures vanquished.

Grand Total: 147 creatures vanquished

Notes
Turn   | Place    | Note
-------+----------+-------------------------------------------
     0 | D:5      | croobank the Octopode Delver began the quest for the Orb.
     0 | D:5      | Reached XP level 1. HP: 16/16 MP: 1/1
    18 | D:6      | Noticed a two-headed ogre
    27 | D:5      | Reached XP level 2. HP: 9/21 MP: 2/2
   196 | D:5      | Noticed a howler monkey
   196 | D:5      | Noticed a scorpion
   392 | D:3      | Noticed Ijyb
   493 | D:2      | Reached XP level 3. HP: 24/26 MP: 3/3
   762 | D:1      | Reached skill level 7 in Stealth
   763 | D:1      | Found Upohiso's Distillery.
  1088 | D:1      | Reached XP level 4. HP: 30/31 MP: 4/4
  1753 | D:2      | Reached skill level 1 in Short Blades
  1753 | D:2      | Reached skill level 1 in Spellcasting
  1829 | D:2      | Found a faded altar of an unknown god.
  2490 | D:3      | Reached XP level 5. HP: 32/36 MP: 4/6
  2646 | D:3      | Found a blossoming altar of Fedhas.
  2833 | D:3      | Killed Ijyb
  3049 | D:4      | Identified the +0 robe of the Sky {rF+}
  3162 | D:4      | Identified the +11 mace of the Ring {freeze, rN++}
  3351 | D:4      | Reached XP level 6. HP: 34/43 MP: 6/8
  3417 | D:4      | Noticed an ice beast
  3432 | D:4      | Killed an ice beast
  3488 | D:4      | Noticed Eustachio
  3496 | D:4      | Killed Eustachio
  3497 | D:4      | Reached skill level 8 in Stealth
  3497 | D:4      | Reached XP level 7. HP: 41/49 MP: 8/10
  4174 | D:5      | Found a staircase to the Ecumenical Temple.
  4184 | Temple   | Entered the Ecumenical Temple
  4427 | Temple   | Became a worshipper of Gozag Ym Sagoz the Greedy
  5342 | D:5      | Reached XP level 8. HP: 54/54 MP: 12/12
  5380 | D:5      | Reached skill level 5 in Fighting
  5821 | D:5      | Reached skill level 9 in Stealth
  6562 | D:6      | Found a hide-covered altar of Uskayaw.
  6573 | D:6      | Reached skill level 5 in Dodging
  6796 | D:6      | Killed a two-headed ogre
  6797 | D:6      | Reached skill level 10 in Stealth
  6797 | D:6      | Reached XP level 9. HP: 12/62 MP: 3/15
  7122 | D:6      | Found a radiant altar of Vehumet.
  7184 | D:6      | Reached skill level 5 in Short Blades
  7636 | D:6      | Identified a scroll of acquirement
  7636 | D:6      | Acquired the +1 hat of Inaction {Contam rElec rN+++ Str+3}
  7649 | D:6      | Found a hazy altar of Hepliaklqana.
  8250 | D:7      | Reached skill level 5 in Spellcasting
  9025 | D:7      | Slain by a wyvern

Illustrated notes

Levels and vault maps discovered:
D:1:      mrwooster_arrival_statue_3, layout_loops_corners, serial_shops,
          nicolae_shop_behind_doors
D:2:      layout_loops_ring, shapermc_ecumenical_altar_gd
D:3:      layout_rooms, mainiacjoe_overflow_alcove_2, uniq_ijyb
D:4:      layout_gridville, uniq_eustachio
D:5:      layout_cave_pools, minmay_temple_entry_water_ring, serial_glass,
          glass_columns_a, glass_columns_a, hangedman_decor_clover_reticule,
          minmay_bent
D:6:      layout_basic, nicolae_hepliaklqana_monster_ancestors,
          nicolae_uskayaw_dance_studio, mainiacjoe_overflow_surrounded_room
D:7:      layout_gridville, nicolae_ru_the_path_less_chosen, st_stairs_5,
          serial_park_tiny_pond, chequers_mini_garden, minmay_circle_x
Temple:   minmay_temple_bridge_d

Skill      XL: |  1  2  3  4  5  6  7  8  9 |
---------------+----------------------------+-----
Stealth        | 7 8 10 | 10.9
Short Blades   | 1 2 3 4 5 |  5.7
Spellcasting   | 1 2 3 4 5 |  5.2
Dodging        | 3 4 5 6 |  6.4
Fighting       | 4 6 |  6.8
Axes           | |  2.4

Action                   |  1- 3 |  4- 6 |  7- 9 || total
-------------------------+-------+-------+-------++-------
Melee: Hand axe          |    25 |       |       ||    25
       Constrict         |    11 |    15 |    46 ||    72
       Tentacles         |     6 |    13 |    62 ||    81
       Dagger            |    22 |    68 |   291 ||   381
       Punch             |       |       |     4 ||     4
 Fire: Sling             |       |     2 |       ||     2
Throw: Dart              |       |     2 |     1 ||     3
       Throwing net      |       |     2 |     1 ||     3
Evoke: Wand              |       |     1 |    14 ||    15
  Use: Scroll            |     1 |       |    21 ||    22
       Potion            |       |       |     4 ||     4
 Stab: Sleeping          |    15 |    16 |     9 ||    40
       Invisible         |       |     1 |     2 ||     3
       Held in net/web   |       |     1 |       ||     1
       Distracted        |       |       |     2 ||     2
Armor: Skin              |     1 |       |    11 ||    12
Dodge: Dodged            |    17 |    38 |   198 ||   253
